 Dungeon Crawl Stone Soup version 0.21.1-1-g345015fe64 (webtiles) character file.

194 HuneSparrow the Skirmisher (level 5, -2/42 HPs)
             Began as a Demonspawn Fighter on July 2, 2018.
             Slain by a wight
             ... wielding a cursed +1 scimitar
              (8 damage)
             ... on level 6 of the Dungeon.
             The game lasted 00:09:25 (2174 turns).

HuneSparrow the Skirmisher (Demonspawn Fighter)     Turns: 2174, Time: 00:09:26

Health: -2/42      AC:  6    Str: 17    XL:     5   Next: 44%
Magic:  5/5        EV:  6    Int: 10    God:
Gold:   92         SH:  8    Dex: 12    Spells: 4/4 levels left

rFire    . . .     SeeInvis .   a - +0 long sword
rCold    . . .     Gourm    .   t - +0 shield
rNeg     . . .     Faith    .   b - +0 scale mail
rPois    .         Spirit   .   (helmet restricted)
rElec    .         Reflect  .   (no cloak)
rCorr    .         Harm     .   (no gloves)
MR       .....                  (no boots)
Stlth    ..........             (no amulet)
HPRegen  0.14/turn              (no ring)
MPRegen  0.09/turn              (no ring)

@: drained
A: antennae 1, spiny 1
a: no special abilities


You were on level 6 of the Dungeon.
You were not hungry.

You visited 1 branch of the dungeon, and saw 4 of its levels.

You collected 162 gold pieces.
You spent 70 gold pieces at shops.

Inventory:

Hand Weapons
 a - a +0 long sword (weapon)
Armour
 b - a +0 scale mail (worn)
 c - a +0 shield
 t - a +0 shield (worn)
Jewellery
 q - a +3 ring of intelligence {unknown}
Scrolls
 e - a scroll of noise {unknown}
 g - 2 scrolls of identify
 h - 2 scrolls of fog {unknown}
 i - 2 scrolls of enchant weapon {unknown}
 k - 4 scrolls of magic mapping {unknown}
 l - 2 scrolls of enchant armour {unknown}
 o - 5 scrolls of teleportation
 r - a scroll of fear {unknown}
 s - a scroll of remove curse {unknown}
Potions
 d - a potion of might
 j - 6 potions of curing {unknown}
 m - a potion of heal wounds {unknown}
 p - a potion of agility {unknown}
Comestibles
 f - 5 rations
 n - 4 chunks of flesh


   Skills:
 * Level 3.8(3.2) Fighting
 * Level 3.5(2.9) Long Blades
 * Level 3.7(3.1) Armour
 + Level 3.2(2.6) Shields


You had 4 spell levels left.
You didn't know any spells.

Dungeon Overview and Level Annotations

Branches:
Dungeon (3/15)

Altars:
Ashenzari

Shops:
D:6 ?


Innate Abilities, Weirdness & Mutations

You have a pair of small antennae on your head.
You are partially covered in sharp spines.


Message History

You barely miss the wight.
The wight is heavily damaged.
The howler monkey hits you but does no damage.
The howler monkey hits you.
The wight hits you with an enchanted scimitar.
You feel drained.
* * * LOW HITPOINT WARNING * * *
You hit the wight.
The wight is severely damaged.
The howler monkey is struck by your spines.
The howler monkey hits you but does no damage.
The wight hits you with an enchanted scimitar.
* * * LOW HITPOINT WARNING * * *
You block the howler monkey's attack.
Unknown command.
You hit the wight but do no damage.
The wight is severely damaged.
You block the howler monkey's attack. The wight is struck by your spines.
The wight hits you with an enchanted scimitar!
You die...

#.########## #.#
####.######## #.#
#..z......... #.#
#.##.######## #.#
#{##Z# #.# #z##z# #.#
#.##.# #.#
#Z##.#####o#... #.#
.Z.zz.z.#.Zzz@hF{S...
#.#
.z..############o#...
#.# .# #.# #.# #.#
#.# #.# #.# #.#


You could see a bullfrog, a howler monkey, 2 wights, an adder, 2 orcs and an
adder skeleton.

Vanquished Creatures
  A wight (D:6)
  An orc priest (D:6)
  2 adders (D:2)
  4 gnolls
  A worm (D:2)
  2 dart slugs
  A leopard gecko (D:3)
  An orc (D:3)
  A giant cockroach (D:1)
  7 goblins
  7 hobgoblins
  12 jackals
  A ball python (D:2)
  6 bats
  4 frilled lizards
  4 kobolds (D:1)
  5 rats
60 creatures vanquished.

Notes
Turn   | Place    | Note
-------+----------+-------------------------------------------
     0 | D:1      | HuneSparrow the Demonspawn Fighter began the quest for the Orb.
     0 | D:1      | Reached XP level 1. HP: 18/18 MP: 1/1
    85 | D:1      | Gained mutation: You are partially covered in sharp spines. [demonic ancestry]
    85 | D:1      | Reached XP level 2. HP: 20/24 MP: 2/2
   424 | D:1      | Gained mutation: You have a pair of small antennae on your head. [demonic ancestry]
   424 | D:1      | Reached XP level 3. HP: 24/29 MP: 3/3
  1250 | D:2      | Reached XP level 4. HP: 23/35 MP: 4/4
  1471 | D:2      | Found a shattered altar of Ashenzari.
  2033 | D:3      | You fall through a shaft for 3 floors!
  2110 | D:6      | Found Jilizog's Magic Scroll Shop.
  2115 | D:6      | Bought a scroll of teleportation for 42 gold pieces
  2115 | D:6      | Bought a scroll of identify for 28 gold pieces
  2157 | D:6      | Noticed a bullfrog
  2161 | D:6      | Reached XP level 5. HP: 41/42 MP: 5/5
  2174 | D:6      | Slain by a wight

Skill      XL: |  1  2  3  4 |
---------------+-------------+-----
Long Blades    | 2 3 |  3.5
Armour         | 3 |  3.7
Shields        | 3 |  3.2
Fighting       | |  3.8

Action                   |  1- 3 |  4- 6 || total
-------------------------+-------+-------++-------
Melee: Long sword        |   103 |    44 ||   147
  Eat: Chunk             |     1 |     3 ||     4
Armor: Scale mail        |    51 |    20 ||    71
Dodge: Dodged            |    23 |    15 ||    38
Block: Shield            |    52 |    26 ||    78
       Rpst.: Long sword |     7 |     4 ||    11
